3A
PROVO MANGO @ BELLEVILLE BULLS
08/22/2027
 
TOP OF THE 1ST
Provo Mango batting - Pitching for Belleville Bulls : RHP Héctor Aguilar
Pitching: RHP Héctor Aguilar
Batting: SHB Yun-qi Chien 0-0: Ball
1-0: Ball
2-0: Called Strike
2-1: Foul Ball, location: 2F
2-2: Foul Ball, location: 2F
2-2: Ground out 4-3 (Groundball, 4D)
Batting: RHB António Marquis 0-0: Foul Ball, location: 2F
0-1: Foul Ball, location: 2F
0-2: Ball
1-2: Ball
2-2: Foul Ball, location: 2F
2-2: Strikes out swinging
Batting: RHB Francisco Guerra 0-0: Ground out 5-3 (Groundball, 56)
Top of the 1st over - 0 run(s), 0 hit(s), 0 error(s), 0 left on base; Provo 0 - Belleville 0
BOTTOM OF THE 1ST
Belleville Bulls batting - Pitching for Provo Mango : RHP Nicolas Roche
Pitching: RHP Nicolas Roche
Batting: RHB Vicente Mena 0-0: Called Strike
0-1: Ball
1-1: Foul Ball, location: 2F
1-2: Fly out, F1 (Line Drive, 13S)
Batting: LHB José Gómez 0-0: Called Strike
0-1: Ground out 3-1 (Groundball, 34)
Batting: LHB Ken Stroud 0-0: Called Strike
0-1: Ball
1-1: Ball
2-1: Foul Ball, location: 2F
2-2: TRIPLE (Flyball, 89D)
Batting: RHB Mike Jennings 0-0: Ball
1-0: Foul Ball, location: 2F
1-1: Ball
2-1: Foul Ball, location: 2F
2-2: Ball
3-2: Base on Balls
Batting: RHB Ron Bernard 0-0: Ball
1-0: Foul Ball, location: 2F
Error on foul ball, E5
1-2: Ball
2-2: Strikes out swinging
Bottom of the 1st over - 0 run(s), 1 hit(s), 1 error(s), 2 left on base; Provo 0 - Belleville 0
TOP OF THE 2ND
Provo Mango batting - Pitching for Belleville Bulls : RHP Héctor Aguilar
Batting: LHB Andrés Garza 0-0: Fly out, F7 (Line Drive, 7S)
Batting: RHB Michael Sweeney 0-0: Called Strike
0-1: Foul Ball, location: 2F
0-2: Ball
1-2: Foul Ball, location: 2F
1-2: Strikes out swinging
Batting: SHB Tommy Dreamer 0-0: Ball
1-0: Fly out, F8 (Flyball, 8LM)
Top of the 2nd over - 0 run(s), 0 hit(s), 0 error(s), 0 left on base; Provo 0 - Belleville 0
BOTTOM OF THE 2ND
Belleville Bulls batting - Pitching for Provo Mango : RHP Nicolas Roche
Batting: RHB Alejandro Serrato 0-0: Swinging Strike
0-1: Ball
1-1: Swinging Strike
1-2: Foul Ball, location: 2F
1-2: Strikes out looking
Batting: RHB Lloyd Regis 0-0: Ball
1-0: Called Strike
1-1: Foul Ball, location: 2F
1-2: Strikes out swinging
Batting: RHB Leonardo Sotelo 0-0: Called Strike
0-1: Foul Ball, location: 2F
0-2: Strikes out swinging
Bottom of the 2nd over - 0 run(s), 0 hit(s), 0 error(s), 0 left on base; Provo 0 - Belleville 0
TOP OF THE 3RD
Provo Mango batting - Pitching for Belleville Bulls : RHP Héctor Aguilar
Batting: RHB Guillermo Carrizales 0-0: Fly out, F7 (Line Drive, 7LM)
Batting: SHB Hong Wei Cao 0-0: Fly out, F3 (Line Drive, 34)
Batting: LHB Tom Haymon 0-0: Foul Ball, location: 2F
0-1: Ball
1-1: Swinging Strike
1-2: Strikes out swinging
Top of the 3rd over - 0 run(s), 0 hit(s), 0 error(s), 0 left on base; Provo 0 - Belleville 0
BOTTOM OF THE 3RD
Belleville Bulls batting - Pitching for Provo Mango : RHP Nicolas Roche
Batting: LHB Alan Shaw 0-0: Foul Ball, location: 2F
0-1: Ground out 4-3 (Groundball, 4)
Batting: RHB Vicente Mena 0-0: Ball
1-0: Ball
2-0: Swinging Strike
2-1: Called Strike
2-2: Strikes out looking
Batting: LHB José Gómez 0-0: Ball
1-0: Fly out, F7 (Flyball, 7LSF)
Bottom of the 3rd over - 0 run(s), 0 hit(s), 0 error(s), 0 left on base; Provo 0 - Belleville 0
TOP OF THE 4TH
Provo Mango batting - Pitching for Belleville Bulls : RHP Héctor Aguilar
Batting: SHB Yun-qi Chien 0-0: Swinging Strike
0-1: Foul Ball, location: 2F
0-2: Ball
1-2: Ball
2-2: Ball
3-2: Strikes out swinging
Batting: RHB António Marquis 0-0: Called Strike
0-1: Called Strike
0-2: Strikes out swinging
Batting: RHB Francisco Guerra 0-0: Called Strike
0-1: Ball
1-1: SINGLE (Line Drive, 8LS)
Batting: LHB Andrés Garza 0-0: Ball
Wild Pitch!
Francisco Guerra to second
1-0: Ball
2-0: Swinging Strike
2-1: Swinging Strike
2-2: Foul Ball, location: 2F
2-2: Strikes out swinging
Top of the 4th over - 0 run(s), 1 hit(s), 0 error(s), 1 left on base; Provo 0 - Belleville 0
BOTTOM OF THE 4TH
Belleville Bulls batting - Pitching for Provo Mango : RHP Nicolas Roche
Batting: LHB Ken Stroud 0-0: Called Strike
0-1: Swinging Strike
0-2: Strikes out swinging
Batting: RHB Mike Jennings 0-0: Swinging Strike
0-1: Foul Ball, location: 2F
0-2: Ball
1-2: Ball
2-2: Fly out, F9 (Flyball, 9S)
Batting: RHB Ron Bernard 0-0: Ball
1-0: Called Strike
1-1: Fly out, F9 (Flyball, 9D)
Bottom of the 4th over - 0 run(s), 0 hit(s), 0 error(s), 0 left on base; Provo 0 - Belleville 0
TOP OF THE 5TH
Provo Mango batting - Pitching for Belleville Bulls : RHP Héctor Aguilar
Batting: RHB Michael Sweeney 0-0: Ball
1-0: Called Strike
1-1: Swinging Strike
1-2: Strikes out swinging
Batting: SHB Tommy Dreamer 0-0: Called Strike
0-1: Foul Ball, location: 2F
0-2: Strikes out swinging
Batting: RHB Guillermo Carrizales 0-0: Swinging Strike
0-1: Swinging Strike
0-2: Ball
1-2: Foul Ball, location: 2F
1-2: Strikes out swinging
Top of the 5th over - 0 run(s), 0 hit(s), 0 error(s), 0 left on base; Provo 0 - Belleville 0
BOTTOM OF THE 5TH
Belleville Bulls batting - Pitching for Provo Mango : RHP Nicolas Roche
Batting: RHB Alejandro Serrato 0-0: Called Strike
0-1: Fly out, F9 (Flyball, 9LM)
Batting: RHB Lloyd Regis 0-0: Called Strike
0-1: Swinging Strike
0-2: Fly out, F9 (Flyball, 9)
Batting: RHB Leonardo Sotelo 0-0: Swinging Strike
0-1: Ball
1-1: Swinging Strike
1-2: Strikes out looking
Bottom of the 5th over - 0 run(s), 0 hit(s), 0 error(s), 0 left on base; Provo 0 - Belleville 0
TOP OF THE 6TH
Provo Mango batting - Pitching for Belleville Bulls : RHP Héctor Aguilar
Batting: SHB Hong Wei Cao 0-0: Ball
1-0: Ground out 4-3 (Groundball, 4)
Batting: LHB Tom Haymon 0-0: Called Strike
0-1: Called Strike
0-2: Foul Ball, location: 2F
0-2: Foul Ball, location: 2F
0-2: Ball
1-2: Ball
2-2: SINGLE (Flyball, 9S)
Batting: SHB Yun-qi Chien 0-0: Ball
1-0: Foul Ball, location: 2F
1-1: Ball
2-1: Ball
3-1: Base on Balls
Tom Haymon to second
Batting: RHB António Marquis 0-0: Swinging Strike
0-1: Foul Ball, location: 2F
0-2: Ball
1-2: Strikes out swinging
Batting: RHB Francisco Guerra 0-0: Fly out, F8 (Flyball, 8RS)
Top of the 6th over - 0 run(s), 1 hit(s), 0 error(s), 2 left on base; Provo 0 - Belleville 0
BOTTOM OF THE 6TH
Belleville Bulls batting - Pitching for Provo Mango : RHP Nicolas Roche
Batting: LHB Alan Shaw 0-0: Ground out 3-1 (Groundball, 34D)
Batting: RHB Vicente Mena 0-0: Ball
1-0: Fly out, F7 (Flyball, 78S)
Batting: LHB José Gómez 0-0: Ground out 1-3 (Groundball, P)
Bottom of the 6th over - 0 run(s), 0 hit(s), 0 error(s), 0 left on base; Provo 0 - Belleville 0
TOP OF THE 7TH
Provo Mango batting - Pitching for Belleville Bulls : RHP Héctor Aguilar
Batting: LHB Andrés Garza 0-0: Foul Ball, location: 2F
0-1: Ball
1-1: Ground out 4-3 (Groundball, 4)
Batting: RHB Michael Sweeney 0-0: Fly out, F9 (Flyball, 9LSF)
Pinch Hitting: RHB Jim Unknown 0-0: Ground out 6-3 (Groundball, 6)
Top of the 7th over - 0 run(s), 0 hit(s), 0 error(s), 0 left on base; Provo 0 - Belleville 0
BOTTOM OF THE 7TH
Belleville Bulls batting - Pitching for Provo Mango : RHP Nicolas Roche
Now at 3B: Jim Unknown
Batting: LHB Ken Stroud 0-0: Ball
1-0: Ball
2-0: Called Strike
2-1: Called Strike
2-2: Ball
3-2: SINGLE (Groundball, 4D)
Batting: RHB Mike Jennings 0-0: Called Strike
0-1: Fly out, F7 (Flyball, 7)
Pinch Hitting: LHB Carlos Cirilli 0-0: Ball
Ken Stroud is caught stealing 2nd base
1-0: Ball
2-0: Ball
3-0: Swinging Strike
3-1: Fly out, F8 (Flyball, 8LD)
Bottom of the 7th over - 0 run(s), 1 hit(s), 0 error(s), 0 left on base; Provo 0 - Belleville 0
TOP OF THE 8TH
Provo Mango batting - Pitching for Belleville Bulls : RHP Héctor Aguilar
Now in RF: Carlos Cirilli
Batting: RHB Guillermo Carrizales 0-0: Foul Ball, location: 2F
0-1: Foul Ball, location: 2F
0-2: Fly out, F7 (Flyball, 7LSF)
Batting: SHB Hong Wei Cao 0-0: Ball
1-0: Swinging Strike
1-1: Foul Ball, location: 2F
1-2: Ball
2-2: Foul Ball, location: 2F
2-2: Foul Ball, location: 2F
2-2: Strikes out swinging
Pinch Hitting: LHB Jim Unknown 0-0: Ball
1-0: Ball
2-0: Called Strike
2-1: Ball
3-1: Base on Balls
Batting: SHB Yun-qi Chien 0-0: Ball
1-0: Called Strike
Jim Unknown is caught stealing 2nd base
Top of the 8th over - 0 run(s), 0 hit(s), 0 error(s), 0 left on base; Provo 0 - Belleville 0
BOTTOM OF THE 8TH
Belleville Bulls batting - Pitching for Provo Mango : RHP Nicolas Roche
Now in LF: Jim Unknown
Batting: RHB Alejandro Serrato 0-0: Fly out, F3 (Popup, 3L)
Pinch Hitting: RHB Dean Summers 0-0: Ball
1-0: Ball
2-0: Ball
3-0: Called Strike
3-1: Ground out 1-3 (Groundball, 13S)
Batting: RHB Leonardo Sotelo 0-0: Foul Ball, location: 2F
0-1: Ball
1-1: Fly out, F9 (Flyball, 9LM)
Bottom of the 8th over - 0 run(s), 0 hit(s), 0 error(s), 0 left on base; Provo 0 - Belleville 0
TOP OF THE 9TH
Provo Mango batting - Pitching for Belleville Bulls : RHP Héctor Aguilar
Pitching: RHP Shackleford Stanwick
Now at 2B: Ramón Padrón
Batting: SHB Yun-qi Chien 0-0: SINGLE (Groundball, 4MD)
Batting: RHB António Marquis 0-0: Ball
Yun-qi Chien steals 2nd base
1-0: Swinging Strike
1-1: Bunted foul
1-2: Ball
2-2: Strikes out swinging
Batting: RHB Francisco Guerra 0-0: Foul Ball, location: 2F
0-1: Foul Ball, location: 2F
0-2: Ball
1-2: Foul Ball, location: 2F
1-2: Strikes out swinging
Batting: LHB Andrés Garza 0-0: Ball
1-0: Ball
2-0: SINGLE (Line Drive, 78S)
Yun-qi Chien to third
Runner from 3rd tries for Home, SAFE, no throw
Batting: RHB Michael Sweeney 0-0: Ball
1-0: SINGLE (Line Drive, 7S)
Andrés Garza to second
Batting: RHB Jim Unknown 0-0: Ball
1-0: Ball
2-0: Ball
3-0: Called Strike
3-1: Base on Balls
Andrés Garza to third
Michael Sweeney to second
Batting: RHB Guillermo Carrizales 0-0: Foul Ball, location: 2F
0-1: Called Strike
0-2: Fielders Choice at 2nd, 6-4 (Groundball, 56)
Top of the 9th over - 1 run(s), 3 hit(s), 0 error(s), 2 left on base; Provo 1 - Belleville 0
BOTTOM OF THE 9TH
Belleville Bulls batting - Pitching for Provo Mango : RHP Nicolas Roche
Pitching: RHP Juan Sánchez
Now at C: Mauro Longoria
Batting: LHB Alan Shaw 0-0: Called Strike
0-1: Ball
1-1: Called Strike
1-2: Ball
2-2: Foul Ball, location: 2F
2-2: Ball
3-2: Base on Balls
Batting: RHB Vicente Mena 0-0: Fielders Choice at 2nd, 6-4 (Groundball, 6)
Batting: LHB José Gómez 0-0: Ball
1-0: Called Strike
1-1: Ball
2-1: SINGLE (Line Drive, 5)
Vicente Mena to second
Batting: LHB Ken Stroud 0-0: Foul Ball, location: 2F
0-1: Ball
1-1: Ball
2-1: Fly out, F8 (Flyball, 89M)
Batting: RHB Mike Jennings 0-0: Swinging Strike
0-1: Ball
1-1: Swinging Strike
1-2: Strikes out swinging
Bottom of the 9th over - 0 run(s), 1 hit(s), 0 error(s), 2 left on base; Provo 1 - Belleville 0
Saturday, May 26th, 2018 - OOTP Baseball 17.12 Build 75